 Dungeon Crawl Stone Soup version 0.32-a0-576-g706899e69d (webtiles) character file.

Game seed: 2834638514157919218

61 eruonna the Slasher (level 4, -1/33 HPs)
             Began as a Coglin Gladiator on Mar 2, 2024.
             Killed by divine providence
             ... invoked by an orc priest
              (15 damage)
             ... on level 2 of the Dungeon.
             The game lasted 00:08:10 (1591 turns).

eruonna the Slasher (Coglin Gladiator)              Turns: 1591, Time: 00:08:10

Health: -1/33      AC:  4    Str: 14    XL:     4   Next: 7%
Magic:  4/4        EV: 12    Int:  7    God:
Gold:   114        SH:  0    Dex: 18    Spells: 3/3 levels left

rFire   . . .        a - +0 long sword {Wanphen}
rCold   . . .        f - +0 dagger {Bonhwa}
rNeg    . . .        b - +0 leather armour
rPois   .            c - +0 helmet
rElec   .            (no cloak)
rCorr   .            (no gloves)
SInv    .            (no boots)
Will    .....        (amulet unavailable)
Stlth   +            (ring unavailable)
HPRegen 0.25/turn    (ring unavailable)
MPRegen 0.09/turn    (no gizmo)

%: no passive effects
@: revved
A: off-hand wielding, slow wielding, warmup strikes, no jewellery
a: Invent Gizmo, Convert to Beogh


You were on level 2 of the Dungeon.
You visited 1 branch of the dungeon, and saw 3 of its levels.

You collected 114 gold pieces.

Inventory:

Hand Weapons
 a - a +0 long sword (weapon) {Wanphen}
 f - a +0 dagger (offhand) {Bonhwa}
 o - a +0 sling
 p - the +5 hand axe of the Beast {speed, rF+ rCorr Dex-3}
   (You found it on level 2 of the Dungeon)

   Dex-3:     It affects your dexterity (-3).
   rF+:       It protects you from fire.
   rCorr:     It protects you from acid and corrosion.
Missiles
 d - 3 throwing nets (quivered)
 e - a javelin
 g - 3 poisoned darts
 k - 27 stones
 t - 6 boomerangs
Armour
 b - a +0 leather armour (worn)
 c - a +0 helmet (worn)
Talismans
 n - a flux talisman
Scrolls
 h - 2 scrolls of amnesia
 i - 3 scrolls of identify
 m - 2 scrolls of teleportation
 q - a scroll of enchant armour {unknown}
 u - a scroll of revelation {unknown}
Potions
 j - 2 potions of heal wounds
 l - a potion of attraction
 r - a potion of mutation {unknown}
 s - a potion of curing {unknown}


   Skills:
 - Level 2.0 Fighting
 + Level 4.8 Long Blades
 - Level 1.7 Throwing
 - Level 2.6 Dodging


You had 3 spell levels left.
You didn't know any spells.
Your spell library contained the following spells:

 Spells                   Type           Power      Damage    Failure   Level
 Blink                    Tloc           0%         N/A       65%         2
 Lesser Beckoning         Tloc           0%         N/A       65%         2
 Momentum Strike          Conj/Tloc      0%         3d8       65%         2
 Hailstorm                Conj/Ice       0%         3d5       87%         3
 Summon Ice Beast         Ice/Summ       0%         N/A       87%         3
 Sculpt Simulacrum        Ice/Alch       0%         N/A       100%        6


Dungeon Overview and Level Annotations

Branches:
Dungeon (3/15)

Altars:


Innate Abilities, Weirdness & Mutations

You can wield a second weapon in your off-hand.
It takes a long time for you to wield or remove held weapons.
Your first few attacks do less damage.
You cannot equip rings or amulets.


Message History

Found a scroll labelled COETOT FENUZEEWK.
The orc priest closely misses you.
An orc comes into view. It is wielding a +0 club.
You hit the orc priest but do no damage.
You slash the orc priest with your +0 long sword!
The orc priest calls down the wrath of Beogh upon you.
Beogh smites you!
An orc comes into view. It is wielding a +0 club.
The orc priest threatens, "Beogh's wrath is as vast as their mercy.
Make your choice!" (press Y on the ability menu to convert to Beogh)
There is a stone staircase leading up here.
The orc priest hits you with a +0 dagger.
You climb upwards.
There is a stone staircase leading down here.
The orc priest shouts, "Surrender to Beogh and we'll let you live!"
You hit the orc priest with your +0 long sword.
The orc priest is severely wounded.
You hit the orc priest but do no damage.
The orc priest hits you with a +0 dagger.
You closely miss the orc priest with your +0 long sword.
The orc priest is heavily wounded.
You closely miss the orc priest with your +0 dagger.
The orc priest shouts, "Beogh offers mercy even to people such as you.
Join us and be reborn!"
The orc priest hits you with a +0 dagger.
You hit the orc priest but do no damage.
The orc priest shouts, "The Pantheon deserves no one's loyalty.
Let us show you the true path!"
The orc priest is heavily wounded.
You closely miss the orc priest with your +0 long sword.
The orc priest hits you with a +0 dagger.
You hit the orc priest with your +0 dagger.
The orc priest threatens, "Beogh's wrath is as vast as their mercy.
Make your choice!"
The orc priest is severely wounded.
You barely miss the orc priest with your +0 long sword.
The orc priest miscasts a cantrip.
You hit the orc priest with your +0 long sword.
The orc priest is almost dead.
You hit the orc priest but do no damage.
The orc priest invokes the aid of Beogh against you.
Beogh smites you!
You die...

.##...........##......#...#.###..
........#####.##..#...#.###.....#
######### #.....#.###.....#.##.
##..###.....#...#.##.
##.....#...#.###.##.
##....#.###.....#.. #
#..###.....#.#...# #
#..†...#...#...### ####
#@##...#.###..## ...#
#########o##.###......#
...#####.........##.....#....# #
.................##.....#..### ##
########.#######..##..###.######.
.........# ##.##......###....
########## #.........#...###
#########...### #####


You could see an orc priest.

Vanquished Creatures
  2 adders (D:2)
  2 ribbon worms (D:2)
  4 endoplasms
  A giant cockroach (D:1)
  4 goblins (D:1)
  4 hobgoblins
  2 kobolds (D:2)
  2 quokkas
  7 ball pythons
  4 bats
  3 frilled lizards
  3 rats
38 creatures vanquished.

Notes
Turn   | Place    | Note
-------+----------+-------------------------------------------
     0 | D:1      | eruonna the Coglin Gladiator began the quest for the Orb.
     0 | D:1      | Reached XP level 1. HP: 16/16 MP: 1/1
   235 | D:1      | Reached XP level 2. HP: 17/22 MP: 2/2
   542 | D:1      | Reached skill level 4 in Long Blades
   703 | D:1      | Reached XP level 3. HP: 27/27 MP: 3/3
   858 | D:2      | Identified the +5 hand axe of the Beast {speed, rF+ rCorr
                  | Dex-3}
  1400 | D:2      | Reached XP level 4. HP: 31/33 MP: 4/4
  1591 | D:2      | Killed from afar by an orc priest

Illustrated notes

Levels and vault maps discovered:
D:1:      minmay_arrival_wavy_path, layout_loops_ring, minmay_misc_feat_tower
D:2:      layout_loops_ring, supply_closet_lemuel, st_stairs_14,
          hangedman_decor_points
D:3:      layout_rooms, gammafunk_temple_overflow_forgotten,
          nicolae_ecumenical_lake_church

Skill      XL: |  1  2 |
---------------+-------+-----
Long Blades    | 4 |  4.8
Fighting       | |  2.0
Throwing       | |  1.7
Dodging        | |  2.6

Action                     |  1- 3 |  4- 6 || total
---------------------------+-------+-------++-------
  Melee: Long sword        |    69 |    10 ||    79
         Dagger            |    63 |    10 ||    73
    Use: Scroll            |     4 |       ||     4
   Stab: Sleeping          |     6 |     1 ||     7
 Armour: Leather armour    |    21 |     5 ||    26
  Dodge: Dodged            |    44 |     3 ||    47

Table legend: (Time is in decaauts)
 A = Elapsed time spent in this place.
 B = Non-inter-level travel time spent in this place.
 C = Inter-level travel time spent in this place.
 D = Time resting spent in this place.
 E = Time spent auto-exploring this place.
 F = Levels seen in this place.
 G = Mean time per level.
                   A        B        C        D        E       F      G
               +--------+--------+--------+--------+--------+-----+--------+
         Total |   1596 |   1548 |     48 |      3 |   1210 |   3 |  532.0 |
       Dungeon |   1596 |   1548 |     48 |      3 |   1210 |   3 |  532.0 |
               +--------+--------+--------+--------+--------+-----+--------+

Top non-repeatable levels by time:
     D:2: 802 daAuts
     D:1: 783 daAuts
     D:3: 9 daAuts
